 Dungeon Crawl Stone Soup version 0.30-a0-1074-g5db6f66fbb (webtiles) character file.

Game seed: 13272426025442273314

6052 Ic0nGaming the Basher (level 11, -10/60 HPs)
             Began as a Kobold Fighter on Apr 14, 2023.
             Was a Priest of Okawaru.
             Mangled by a komodo dragon (27 damage)
             ... on level 10 of the Dungeon.
             The game lasted 00:19:42 (9580 turns).

Ic0nGaming the Basher (Kobold Fighter)              Turns: 9580, Time: 00:19:43

Health: -10/60     AC: 13    Str: 17    XL:     11   Next: 11%
Magic:  12/12      EV: 12    Int:  9    God:    Okawaru [***...]
Gold:   116        SH:  7    Dex: 25    Spells: 10/10 levels left

rFire   . . .      SeeInvis .    B - +3 flail (venom)
rCold   . . .      Faith    .    c - +1 buckler
rNeg    . . .      Spirit   .    v - +1 leather armour {rPois}
rPois   +          Reflect  .    u - +2 hat
rElec   .          Rampage  +    e - +2 cloak "Daixkur" {Rampage Str+3}
rCorr   .                        (no gloves)
Will    .....                    (no boots)
Stlth   ++++                     (no amulet)
HPRegen 0.30/turn                n - +6 ring of dexterity
MPRegen 0.13/turn                o - +4 ring of protection

@: no status effects
A: small, no large weapons, nightstalker 3
a: Renounce Religion, Heroism


You were on level 10 of the Dungeon.
You worshipped Okawaru.
Okawaru was most pleased with you.
You visited 2 branches of the dungeon, and saw 11 of its levels.

You collected 489 gold pieces.
You spent 373 gold pieces at shops.

Inventory:

Hand Weapons
 a - a +1 flail
 z - a +1 whip of electrocution
 B - a +3 flail of venom (weapon)
Missiles
 l - 5 boomerangs (quivered)
Armour
 c - a +1 buckler (worn)
 e - the +2 cloak "Daixkur" (worn) {Rampage Str+3}
   (You acquired it on level 2 of the Dungeon)

   Str:       It affects your strength (+3).
   Rampage:   It bestows one free step when moving towards enemies.
 u - a +2 hat (worn)
 v - a +1 leather armour of poison resistance (worn)
Jewellery
 f - a ring of fire
 n - a +6 ring of dexterity (left hand)
 o - a +4 ring of protection (right hand)
 p - a ring of see invisible
 r - a ring of protection from cold
 E - a ring of protection from fire
Wands
 m - a wand of flame (33)
 x - a wand of polymorph (10)
 y - a wand of mindburst (13)
 A - a wand of roots (11)
Scrolls
 g - 2 scrolls of vulnerability
 k - 2 scrolls of fog
 t - 2 scrolls of identify
 w - a scroll of teleportation
 D - 2 scrolls of fear
Potions
 b - 3 potions of lignification
 d - a potion of might
 h - 2 potions of flight
 i - 2 potions of attraction
 j - 2 potions of ambrosia
 q - a potion of brilliance
 s - 2 potions of haste


   Skills:
 - Level 3.2 Fighting
 * Level 13.4 Maces & Flails
 - Level 2.4 Armour
 - Level 2.9 Stealth
 - Level 2.4 Shields
 - Level 2.4 Invocations
 + Level 6.5 Evocations


You had 10 spell levels left.
You didn't know any spells.
Your spell library contained the following spells:

 Spells                   Type           Power      Damage    Failure   Level
 Blink                    Tloc           0%         N/A       75%         2
 Stone Arrow              Conj/Erth      0%         3d7       92%         3
 Manifold Assault         Tloc           0%         N/A       100%        4
 Storm Form               Tmut/Air       0%         N/A       100%        7
 Borgnjor's Revivificati  Necr           0%         N/A       100%        8
 Lehudib's Crystal Spear  Conj/Erth      0%         10d2      100%        8
 Necromutation            Tmut/Necr      0%         N/A       100%        8
 Death's Door             Necr           0%         N/A       100%        9
 Animate Armour           Summ/Erth      Unusable   N/A       N/A         4

Dungeon Overview and Level Annotations

Branches:
Dungeon (10/15)            Temple (1/1) D:4
   Lair: D:8-11         Orc: D:9-12

Altars:
Ashenzari
Cheibriados
Dithmenos
Elyvilon
Fedhas
Gozag
Hepliaklqana
Kikubaaqudgha
Makhleb
Okawaru
Qazlal
Ru
Sif Muna
Trog
Uskayaw
Vehumet
Wu Jian
Xom
Yredelemnul
Zin
The Shining One

Shops:
D:2 ?   D:9 =

Annotations:
D:6 2 transporters, Pascal76's ghost, novice GrBe
D:10 1 transporter


Innate Abilities, Weirdness & Mutations

You are small and have problems with some larger weapons.
You are completely attuned to the shadows.


Message History

Something barely misses you.
The vampire mosquito closely misses you.
The vampire mosquito barely misses you. Something barely misses you.
The vampire mosquito bites you.
The vampire mosquito draws strength from your injuries!
The orc hits you but does no damage.
The vampire mosquito bites you but does no damage.
You bump into the rock wall.
The vampire mosquito completely misses you.
Something hits you but does no damage. The orc misses you.
The vampire mosquito barely misses you.
You thump the vampire mosquito!
The vampire mosquito is moderately damaged.
You feel less confused. The vampire mosquito misses you.
A komodo dragon comes into view.
Something hits you. You block the orc's attack.
The komodo dragon hisses angrily.
You sock the vampire mosquito!
The vampire mosquito is severely damaged.
You block the vampire mosquito's attack.
You sock the vampire mosquito!
You destroy the vampire mosquito!
Okawaru accepts your kill. Something hits you but does no damage.
The orc barely misses you.
You barely miss something. Okawaru accepts your kill.
Reactivating autopickup.
You feel a bit more experienced.
You thump the komodo dragon!
The komodo dragon is poisoned.
The komodo dragon is moderately wounded.
You feel like a meek peon again.
You barely miss the komodo dragon.
The komodo dragon is moderately wounded.
The komodo dragon bites you!!
* * * LOW HITPOINT WARNING * * *
You barely miss the komodo dragon.
The komodo dragon is moderately wounded.
The komodo dragon bites you!!
You die...

..... # ....
..#..##
......##..
#.....#..
###.)...#..
..###l...#...
....@.)......
.....).......
..............
.........#....
...#...#......
..#..##......
.##..#.....#
.......#....
...#..##....


You could see a komodo dragon (very poisoned).

Vanquished Creatures
  A two-headed ogre (D:10)
  Pikel (D:7)
  3 kobold demonologists (D:9)
  A troll (D:9)
  Prince Ribbit (D:5)
  5 yaks (D:8)
  3 vampire mosquitoes (D:10)
  3 steam dragons
  An acid dragon (D:7)
  An ice beast (D:8)
  3 orc warriors
  3 sky beasts (D:7)
  A lemure (D:7)
  3 kobold brigands
  2 bullfrogs
  3 scorpions
  A howler monkey (D:9)
  4 hounds
  A gnoll bouda (D:8)
  7 orc priests
  A jelly (D:5)
  2 sleepcaps
  Ijyb (D:5)
  4 iguanas
  10 orc wizards
  7 gnolls
  7 adders
  A white imp (D:7)
  3 ufetubi
  23 orcs
  3 bats
  3 endoplasms
  5 giant cockroaches
  4 goblins
  11 hobgoblins
  7 kobolds
  A quokka (D:1)
  5 ball pythons
  A frilled lizard (D:1)
  4 rats
151 creatures vanquished.

Notes
Turn   | Place    | Note
-------+----------+-------------------------------------------
     0 | D:1      | Ic0nGaming the Kobold Fighter began the quest for the Orb.
     0 | D:1      | Reached XP level 1. HP: 14/14 MP: 1/1
    61 | D:1      | Reached skill level 2 in Maces & Flails
    80 | D:1      | Reached XP level 2. HP: 12/19 MP: 2/2
   479 | D:1      | Reached skill level 3 in Maces & Flails
   479 | D:1      | Reached XP level 3. HP: 23/23 MP: 3/3
   538 | D:2      | Identified a scroll of acquirement
   538 | D:2      | Acquired the +2 cloak "Daixkur" {Rampage Str+3}
   842 | D:2      | Reached XP level 4. HP: 14/28 MP: 4/4
   967 | D:2      | Reached skill level 4 in Maces & Flails
   983 | D:2      | Found Muxesuwi's Magic Scroll Shop.
   988 | D:2      | Bought 2 scrolls of identify for 48 gold pieces
  1534 | D:3      | Found a hide-covered altar of Uskayaw.
  1697 | D:3      | Reached skill level 1 in Stealth
  1697 | D:3      | Reached XP level 5. HP: 32/32 MP: 5/5
  1924 | D:3      | Found an ornate altar of the Wu Jian Council.
  2672 | D:4      | Found a staircase to the Ecumenical Temple.
  2687 | Temple   | Entered the Ecumenical Temple
  2713 | Temple   | Became a worshipper of Warmaster Okawaru
  2808 | D:4      | Reached XP level 6. HP: 27/37 MP: 6/6
  2874 | D:4      | Found a blossoming altar of Fedhas.
  2912 | D:4      | Reached skill level 5 in Maces & Flails
  2927 | D:4      | Identified the +1 ring mail "Viaxe" {*Slow rC+++ Regen+
                  | Slay+5}
  3505 | D:5      | Entered Level 5 of the Dungeon
  3505 | D:5      | Noticed Ijyb
  3522 | D:5      | Killed Ijyb
  3523 | D:5      | Reached skill level 6 in Maces & Flails
  3523 | D:5      | Reached XP level 7. HP: 19/41 MP: 7/7
  3812 | D:5      | Reached * piety under Okawaru
  3927 | D:5      | Found a hazy altar of Hepliaklqana.
  4028 | D:5      | Noticed Prince Ribbit
  4036 | D:5      | Killed Prince Ribbit
  4037 | D:5      | Reached skill level 7 in Maces & Flails
  4037 | D:5      | Reached XP level 8. HP: 46/46 MP: 7/9
  4098 | D:5      | Reached ** piety under Okawaru
  4701 | D:6      | Found a transporter.
  4703 | D:6      | Noticed Pascal76's ghost (novice GrBe)
  4757 | D:6      | Found a transporter.
  4871 | D:6      | Reached skill level 8 in Maces & Flails
  5407 | D:6      | Found a basalt altar of Yredelemnul.
  5410 | D:6      | Noticed a profane servitor
  5422 | D:6      | Found a glowing golden altar of the Shining One.
  5425 | D:6      | Noticed an angel
  5539 | D:6      | Found a stormy altar of Qazlal.
  5539 | D:6      | Found a shimmering blue altar of Sif Muna.
  5665 | D:6      | Found a glowing silver altar of Zin.
  5970 | D:7      | Reached skill level 9 in Maces & Flails
  6015 | D:7      | Reached XP level 9. HP: 45/51 MP: 10/10
  6324 | D:7      | Noticed Pikel
  6361 | D:7      | Killed Pikel
  6362 | D:7      | Reached skill level 10 in Maces & Flails
  6767 | D:7      | Found a bloodstained altar of Trog.
  7220 | D:8      | Reached *** piety under Okawaru
  7221 | D:8      | Reached skill level 11 in Maces & Flails
  7442 | D:8      | Reached skill level 1 in Evocations
  7442 | D:8      | Reached XP level 10. HP: 52/56 MP: 9/11
  7547 | D:8      | Found a white marble altar of Elyvilon.
  7664 | D:8      | Found a sacrificial altar of Ru.
  7803 | D:8      | Reached skill level 12 in Maces & Flails
  8066 | D:8      | Found a burning altar of Makhleb.
  8389 | D:9      | Noticed a kobold demonologist
  8396 | D:9      | Killed a kobold demonologist
  8524 | D:9      | Found Monliwoq's Jewellery Shop.
  8527 | D:9      | Bought a ring of protection from fire for 325 gold pieces
  8887 | D:9      | Noticed a kobold demonologist
  8910 | D:9      | Noticed a kobold demonologist
  8911 | D:9      | Killed a kobold demonologist
  8918 | D:9      | Noticed a sun demon
  8924 | D:9      | Noticed a smoke demon
  8928 | D:9      | Killed a kobold demonologist
  8929 | D:9      | Reached skill level 5 in Evocations
  9357 | D:10     | Entered Level 10 of the Dungeon
  9387 | D:10     | Noticed a two-headed ogre
  9389 | D:10     | Reached skill level 13 in Maces & Flails
  9398 | D:10     | Killed a two-headed ogre
  9399 | D:10     | Reached XP level 11. HP: 33/60 MP: 10/12
  9403 | D:10     | Found a transporter.
  9580 | D:10     | Mangled by a komodo dragon

Illustrated notes

Levels and vault maps discovered:
D:1:      dpeg_arrival_tiny_a, layout_rooms
D:2:      layout_loops_ring, serial_shops, shop_statue, st_stairs_8
D:3:      layout_basic, mainiacjoe_overflow_cross_hatched,
          nzn_wu_jian_council_hall, serial_bayou, serial_bayou_ford_a,
          serial_bayou_pond_a, serial_bayou_lagoon_a, serial_bayou_lake_a,
          serial_bayou_shore_a
D:4:      layout_rooms, fedhas_altar_2, minmay_temple_entry_tees
D:5:      layout_gridville, nicolae_overflow_hidden_temple, uniq_prince_ribbit1,
          uniq_ijyb
D:6:      layout_loops_ring, grunt_temple_overflow_holy_war, zin_scriptorium,
          gammafunk_temple_overflow_wave, serial_glass, glass_columns_c,
          glass_columns_a, feat_on_display, due_unseen_surprise,
          gammafunk_ghost_stat_death
D:7:      layout_gridville, mainiacjoe_overflow_boulevard, uniq_pikel
D:8:      layout_loops_ring, mainiacjoe_overflow_six_doors_small,
          nicolae_overflow_crystal_walls, hangedman_ru_absence,
          blue_anna_alchemist
D:9:      layout_roguey, serial_shops, nicolae_shop_behind_doors
D:10:     layout_cave_pools, lemuel_crystal_altar, lair_entry_dummy,
          serial_nicolae_subway, nicolae_sub_station_crystal,
          nicolae_sub_station_metal, nicolae_sub_station_stone
Temple:   hellmonk_temple_micro_hex

Skill      XL: |  1  2  3  4  5  6  7  8  9 10 |
---------------+-------------------------------+-----
Maces & Flails | 2 3 4 6 7 9 11 13 | 13.4
Stealth        | 1 2 |  2.9
Invocations    | 2 |  2.4
Evocations     | 1 6 |  6.5
Fighting       | |  3.2
Armour         | |  2.4
Shields        | |  2.4

Action                     |  1- 3 |  4- 6 |  7- 9 | 10-12 || total
---------------------------+-------+-------+-------+-------++-------
  Melee: Flail             |    69 |   164 |   221 |   118 ||   572
         Whip              |       |       |    66 |    49 ||   115
  Throw: Boomerang         |       |       |     2 |     2 ||     4
 Invoke: Heroism           |       |       |     7 |     9 ||    16
  Evoke: Wand              |       |       |     1 |       ||     1
    Use: Scroll            |     2 |    10 |     6 |     2 ||    20
         Potion            |       |     2 |     2 |     1 ||     5
   Stab: Sleeping          |     2 |    13 |    10 |     6 ||    31
 Armour: Scale mail        |    24 |       |       |       ||    24
         Leather armour    |       |    79 |    86 |    54 ||   219
  Dodge: Dodged            |    44 |    85 |   127 |   112 ||   368
  Block: Buckler           |    12 |    56 |    70 |    69 ||   207

Table legend: (Time is in decaauts)
 A = Elapsed time spent in this place.
 B = Non-inter-level travel time spent in this place.
 C = Inter-level travel time spent in this place.
 D = Time resting spent in this place.
 E = Time spent auto-exploring this place.
 F = Levels seen in this place.
 G = Mean time per level.
                   A        B        C        D        E       F      G
               +--------+--------+--------+--------+--------+-----+--------+
         Total |   9633 |   9334 |    299 |   1661 |   6089 |  11 |  875.7 |
       Dungeon |   9601 |   9307 |    294 |   1661 |   6076 |  10 |  960.1 |
        Temple |     31 |     26 |      5 |      0 |     13 |   1 |   31.0 |
               +--------+--------+--------+--------+--------+-----+--------+

Top non-repeatable levels by time:
     D:7: 1440 daAuts
     D:3: 1381 daAuts
     D:6: 1203 daAuts
     D:8: 1180 daAuts
     D:5: 990 daAuts
     D:9: 971 daAuts
     D:2: 830 daAuts
     D:4: 774 daAuts
     D:1: 614 daAuts
    D:10: 212 daAuts
  Temple: 31 daAuts
